 Dungeon Crawl Stone Soup version 0.29.1-2-gbd0b4ee654 (webtiles) character file.

Game seed: 3271946588562946241

315 safid the Shooter (level 6, 0/51 HPs)
             Began as a Minotaur Hunter on Oct 26, 2022.
             Slain by Edmund
             ... wielding a +2 dire flail of protection
              (13 damage)
             ... on level 4 of the Dungeon.
             The game lasted 00:06:29 (3975 turns).

safid the Shooter (Minotaur Hunter)                 Turns: 3975, Time: 00:06:29

Health: 0/51       AC:  7    Str: 15    XL:     6   Next: 19%
Magic:  5/5        EV: 12    Int:  6    God:
Gold:   277        SH:  0    Dex: 22    Spells: 5/5 levels left

rFire   . . .      SeeInvis .   a - +0 shortbow
rCold   . . .      Faith    .   (shield currently unavailable)
rNeg    . . .      Spirit   .   c - +0 leather armour
rPois   .          Reflect  .   (helmet restricted)
rElec   .          Harm     .   (no cloak)
rCorr   .          Rampage  .   (no gloves)
Will    .....                   h - +1 pair of boots
Stlth   ++........              (no amulet)
HPRegen 0.17/turn               m - +6 ring of dexterity
MPRegen 0.09/turn               (no ring)

@: mighty, unable to drink
A: horns 2, retaliatory headbutt, iridescent scales 1, frail 1, inability to
drink after injury 1
a: no special abilities


You were on level 4 of the Dungeon.
You visited 2 branches of the dungeon, and saw 5 of its levels.
You also visited: Sewer.

You collected 277 gold pieces.

Inventory:

Hand Weapons
 a - a +0 shortbow (weapon)
Armour
 c - a +0 leather armour (worn)
 h - a +1 pair of boots (worn)
Jewellery
 m - a +6 ring of dexterity (left hand)
 x - a ring of fire
Wands
 w - a wand of flame (16)
Scrolls
 b - a scroll of vulnerability {unknown}
 e - 6 scrolls of teleportation {unknown}
 g - 6 scrolls of identify {unknown}
 i - 3 scrolls of noise {unknown}
 j - 2 scrolls of fear {unknown}
 q - a scroll of silence {unknown}
 s - a scroll of brand weapon {unknown}
 u - a scroll of enchant armour {unknown}
 v - 2 scrolls of torment {unknown}
Potions
 d - a potion of heal wounds {unknown}
 f - a potion of berserk rage {unknown}
 k - a potion of mutation
 l - a potion of might
 n - a potion of flight {unknown}
 o - a potion of attraction {unknown}
 p - a potion of brilliance {unknown}
 r - a potion of lignification {unknown}
 t - 2 potions of curing


   Skills:
 + Level 5.8 Fighting
 + Level 6.6 Ranged Weapons
 - Level 2.1 Dodging
 - Level 0.7 Stealth


You had 5 spell levels left.
You didn't know any spells.
Your spell library contained the following spells:

 Spells                   Type           Power      Damage    Failure   Level
 Shock                    Conj/Air       0%         1d3       52%         1
 Slow                     Hex            0%         N/A       52%         1
 Sublimation of Blood     Necr           0%         N/A       67%         2
 Confusing Touch          Hex            0%         N/A       88%         3
 Inner Flame              Hex/Fire       0%         N/A       88%         3
 Swiftness                Air            0%         N/A       88%         3
 Vampiric Draining        Necr           0%         2d6       88%         3
 Airstrike                Air            0%         2d(0-16)  99%         4
 Cause Fear               Hex            0%         N/A       99%         4
 Petrify                  Tmut/Erth      0%         N/A       99%         4
 Irradiate                Conj/Tmut      0%         3d11      100%        5
 Dragon Form              Tmut           0%         N/A       100%        7
 Discord                  Hex            0%         N/A       100%        8
 Dragon's Call            Summ           0%         N/A       100%        9


Dungeon Overview and Level Annotations

Branches:
Dungeon (4/15)             Temple (1/1) D:4           Sewer (visited)

Altars:
Ashenzari
Elyvilon
Gozag
Hepliaklqana
Kikubaaqudgha
Makhleb
Qazlal
Ru
Sif Muna
Trog
Uskayaw
Wu Jian
Yredelemnul

Annotations:
D:4 Edmund


Innate Abilities, Weirdness & Mutations

You have a pair of horns on your head.
You reflexively headbutt those who attack you in melee.
You are partially covered in iridescent scales. (AC +2)
You are frail. (-10% HP)
You occasionally lose the ability to drink potions when taking damage.


Message History

Press: ? - help, Q - select action, (/) - cycle Shift-Dir - straight line, f/p - Edmund
Aim: Edmund, wielding a +2 dire flail of protection and wearing a +1 chain mail of fire resistance (heavily wounded, 74% to hit)
You shoot an arrow. The arrow hits Edmund.
Edmund is heavily wounded.
Edmund hits you with a +2 dire flail of protection.
* * * LOW HITPOINT WARNING * * *
Fire: a) +0 shortbow
Press: ? - help, Q - select action, (/) - cycle Shift-Dir - straight line, f/p - Edmund
Aim: Edmund, wielding a +2 dire flail of protection and wearing a +1 chain mail of fire resistance (heavily wounded, 74% to hit)
You shoot an arrow. The arrow barely misses Edmund.
Edmund hits you with a +2 dire flail of protection.
* * * LOW HITPOINT WARNING * * *
Edmund closely misses you.
Okay, then.
It was a potion of curing.
You feel better.
Edmund hits you with a +2 dire flail of protection!
* * * LOW HITPOINT WARNING * * *
It was a potion of mutation.
You feel extremely strange.
You occasionally lose the ability to drink potions when taking damage.
You feel frail.
Iridescent scales grow over part of your body.
Edmund says, "People think my brother is the best.
I think he's crazy."
Edmund hits you with a +2 dire flail of protection.
* * * LOW HITPOINT WARNING * * *
It was a potion of might.
You feel very mighty all of a sudden. Edmund misses you.
You furiously retaliate!
You headbutt Edmund.
Fire: a) +0 shortbow
Press: ? - help, Q - select action, (/) - cycle Shift-Dir - straight line, f/p - Edmund
Aim: Edmund, wielding a +2 dire flail of protection and wearing a +1 chain mail of fire resistance (severely wounded, 74% to hit)
You shoot an arrow. The arrow barely misses Edmund.
Edmund barely misses you.
Fire: a) +0 shortbow
Press: ? - help, Q - select action, (/) - cycle Shift-Dir - straight line, f/p - Edmund
Aim: Edmund, wielding a +2 dire flail of protection and wearing a +1 chain mail of fire resistance (severely wounded, 74% to hit)
You shoot an arrow. The arrow hits Edmund!
Edmund is almost dead.
Edmund hits you with a +2 dire flail of protection!
You feel threatened and lose the ability to drink potions!
You die...

#### ###..##......##
###..#####..######.....##
#####.....†....##
#####..##
#............### ##..##
############## ##..## ##
##..## ###..### ####
##... #......####..##
##.. ......@@......#
###.. ..............#
##.... ###..######..##
##..... ##..# ##.#
#..#### #...## #.# #..#
##....# #.# #..# #..#..##
#.# #..# #..###.## #.#
#..#### ##.# ##.## #.#
#....).


You could see Edmund.

Vanquished Creatures
  A hound (D:4)
  An orc priest (D:4)
  An orc wizard (D:4)
  11 adders
  A river rat (Sewer)
  A dart slug (D:3)
  5 worms
  9 orcs (D:4)
  5 endoplasms
  8 giant cockroaches
  8 goblins
  7 hobgoblins
  4 jackals (D:1)
  11 ball pythons
  6 bats
  12 frilled lizards
  4 kobolds
  17 rats
112 creatures vanquished.

Notes
Turn   | Place    | Note
-------+----------+-------------------------------------------
     0 | D:1      | safid the Minotaur Hunter began the quest for the Orb.
     0 | D:1      | Reached XP level 1. HP: 18/18 MP: 0/0
    53 | D:1      | Reached XP level 2. HP: 13/25 MP: 1/1
   620 | D:1      | Found a faded altar of an unknown god.
   708 | D:2      | Reached skill level 5 in Ranged Weapons
   708 | D:2      | Reached XP level 3. HP: 31/31 MP: 2/2
   996 | D:2      | Reached XP level 4. HP: 22/40 MP: 3/3
  1877 | D:3      | Found a shimmering blue altar of Sif Muna.
  1899 | D:3      | Reached XP level 5. HP: 47/47 MP: 4/4
  2039 | D:3      | Found a glowing drain.
  2043 | Sewer    | Entered a sewer
  2100 | Sewer    | Reached skill level 5 in Fighting
  2100 | Sewer    | Reached skill level 6 in Ranged Weapons
  2572 | D:3      | Found a white marble altar of Elyvilon.
  2721 | D:4      | Identified the +1 robe of Bituupt {rC- rCorr Str+2 Int+3}
  2985 | D:4      | Found a staircase to the Ecumenical Temple.
  3042 | Temple   | Entered the Ecumenical Temple
  3101 | D:4      | Reached XP level 6. HP: 23/57 MP: 5/5
  3535 | D:4      | Found a stormy altar of Qazlal.
  3953 | D:4      | Noticed Edmund
  3972 | D:4      | Gained mutation: You occasionally lose the ability to drink
                  | potions when taking damage. [potion of mutation]
  3972 | D:4      | Gained mutation: You are frail. (-10% HP) [potion of
                  | mutation]
  3972 | D:4      | Gained mutation: You are partially covered in iridescent
                  | scales. (AC +2) [potion of mutation]
  3975 | D:4      | Slain by Edmund

Illustrated notes

Levels and vault maps discovered:
D:1:      psy_arrival_basics, layout_rooms, chequers_ecumenical_altar_simple
D:2:      layout_loops_ring, minmay_tetromino_l4
D:3:      layout_basic, mainiacjoe_overflow_swirl, gup_sewer_entry_bowl
D:4:      layout_layer_cave, overflow_temple_1_default,
          minmay_temple_entry_trees, uniq_edmund
Temple:   hellmonk_temple_micro_hex

Skill      XL: |  1  2  3  4  5 |
---------------+----------------+-----
Fighting       | 3 4 5 |  5.8
Ranged Weapons | 5 6 |  6.6
Dodging        | |  2.1
Stealth        | |  0.7

Action                   |  1- 3 |  4- 6 || total
-------------------------+-------+-------++-------
 Fire: Shortbow          |    96 |   196 ||   292
  Use: Potion            |       |     3 ||     3
Armor: Leather armour    |    16 |    21 ||    37
Dodge: Dodged            |    46 |    55 ||   101
